 Dungeon Crawl Stone Soup version 0.20.1-1-g8b1a95d66d (webtiles) character file.

663 Ivernyr the Ogre Mage (level 7, 0/71 HPs)
             Began as an Ogre Wizard on Dec 15, 2017.
             Slain by a gnoll (8 damage)
             ... on level 5 of the Dungeon.
             The game lasted 00:19:03 (5793 turns).

Ivernyr the Ogre Mage (Ogre Wizard)                 Turns: 5793, Time: 00:19:03

Health: 0/71       AC:  3    Str: 17    XL:     7   Next: 56%
Magic:  0/17       EV: 10    Int: 26    God:
Gold:   179        SH:  0    Dex:  7    Spells: 11/20 levels left

rFire    . . .     SeeInvis .   (no weapon)
rCold    . . .     Gourm    .   (no shield)
rNeg     . . .     Faith    .   a - +0 robe
rPois    .         Spirit   .   b - +0 hat
rElec    .         Reflect  .   (no cloak)
rCorr    .         Harm     .   (gloves unavailable)
MR       .....                  (boots unavailable)
Stlth    +.........             q - amulet of regeneration
Regen    0.7/turn               y - +5 ring of intelligence
MPRegen  0.2/turn               x - ring of wizardry

@: mighty, glowing
A: unfitting armour, tough skin 1
a: no special abilities


You were on level 5 of the Dungeon.
You were not hungry.

You visited 1 branch of the dungeon, and saw 5 of its levels.

You collected 179 gold pieces.

Inventory:

Armour
 a - a +0 robe (worn)
 b - a +0 hat (worn)
Jewellery
 m - an uncursed ring of ice
 q - an amulet of regeneration (around neck)
 x - a ring of wizardry (right hand)
 y - a +5 ring of intelligence (left hand)
Wands
 z - a wand of confusion (19/48)
Scrolls
 e - 7 scrolls of identify {unknown}
 f - a scroll of fear {unknown}
 j - a scroll of magic mapping {unknown}
 n - a scroll of blinking {unknown}
 p - 2 scrolls of remove curse {unknown}
 r - 3 scrolls of teleportation {unknown}
 s - a scroll of recharging {unknown}
 w - a scroll of amnesia {unknown}
Potions
 g - 2 potions of haste {unknown}
 h - 2 potions of brilliance {unknown}
 i - 2 potions of cancellation {unknown}
 k - a potion of heal wounds {unknown}
 t - a potion of degeneration {unknown}
 u - a potion of lignification {unknown}
 v - a potion of might
 A - a potion of agility {unknown}
 B - a potion of invisibility {unknown}
Books
 c - a book of Minor Magic

   Spells                             Type                      Level
   a - Magic Dart                     Conjuration                  1
   b - Blink                          Translocation                2
   c - Call Imp                       Summoning                    2
   d - Slow                           Hexes                        2
   e - Conjure Flame                  Conjuration/Fire             3
   f - Mephitic Cloud                 Conjuration/Poison/Air       3
Comestibles
 d - 5 bread rations
 l - 2 meat rations
 o - 3 royal jellies


   Skills:
 + Level 4.4 Fighting
 - Level 2.0 Dodging
 - Level 1.4 Stealth
 * Level 7.3 Spellcasting
 + Level 3.5 Conjurations
   Level 0.8 Summonings
 - Level 0.8 Translocations


You had 11 spell levels left.
You knew the following spells:

 Your Spells              Type           Power        Failure   Level  Hunger
a - Magic Dart            Conj           ####         1%          1    None
b - Blink                 Tloc           N/A          2%          2    None
c - Conjure Flame         Conj/Fire      ###.....     3%          3    None
d - Mephitic Cloud        Conj/Pois/Air  ###.....     4%          3    None


Dungeon Overview and Level Annotations

Branches:
Dungeon (5/15)
 Temple: D:4-7

Altars:
Dithmenos
Gozag
Trog
Xom
Yredelemnul

Shops:
D:4 [

Annotations:
D:3 Timinator's ghost, amateur OpTm


Innate Abilities, Weirdness & Mutations

You are too large for most types of armour.
You have tough skin. (AC +1)


Message History

The gnoll hits you!
* * * LOW HITPOINT WARNING * * *
The gnoll hits you!
* * * LOW HITPOINT WARNING * * *
The gnoll hits you but does no damage.
Casting: Magic Dart
Confirm with . or Enter, or press ? or * to list all spells.
Aiming: Magic Dart
Press: ? - help, Shift-Dir - straight line, f/p - gnoll
Aim: a gnoll (moderately wounded, fast)
The magic dart hits the gnoll.
The gnoll is heavily wounded.
The gnoll hits you.
* * * LOW HITPOINT WARNING * * *
The gnoll hits you.
* * * LOW HITPOINT WARNING * * *
It was a potion of might.
You feel very mighty all of a sudden. The gnoll hits you!
You die...

..##.......##
#. . .
#......## .#
#...#..## .
#...###..# .#
#..# ##.##
#)##### #..
##.##
##)...... ..
#..## ##.#
#...###.##
#.#..@g##
#.###.## ###
###


You could see a gnoll.

Vanquished Creatures
  2 phantoms
  A scorpion (D:5)
  A bullfrog skeleton (D:4)
  An orc priest (D:4)
  A gnoll shaman (D:5)
  A hound (D:3)
  2 orc wizards (D:4)
  An iguana (D:4)
  3 gnolls (D:5)
  6 adders
  A shadow imp (D:4)
  3 oozes
  2 worms (D:2)
  5 dart slugs
  5 leopard geckos
  12 orcs
  2 ball pythons
  7 bats
  7 giant cockroaches
  6 goblins
  15 hobgoblins
  12 jackals
  4 kobolds
  2 quokkas (D:4)
  6 frilled lizards
  8 rats
116 creatures vanquished.

Notes
Turn   | Place    | Note
-------+----------+-------------------------------------------
     0 | D:1      | Ivernyr the Ogre Wizard began the quest for the Orb.
     0 | D:1      | Reached XP level 1. HP: 16/16 MP: 5/5
     1 | D:1      | Reached skill level 1 in Conjurations
   175 | D:1      | Reached skill level 4 in Spellcasting
   175 | D:1      | Reached XP level 2. HP: 24/24 MP: 2/7
   477 | D:1      | Learned a level 2 spell: Blink
   746 | D:1      | Reached XP level 3. HP: 24/31 MP: 1/9
  1048 | D:1      | Learned a level 3 spell: Conjure Flame
  1052 | D:1      | Learned a level 3 spell: Mephitic Cloud
  1554 | D:1      | Reached skill level 1 in Fighting
  1709 | D:2      | Reached XP level 4. HP: 32/41 MP: 0/10
  1850 | D:2      | Found a basalt altar of Yredelemnul.
  2062 | D:2      | Reached skill level 5 in Spellcasting
  2775 | D:3      | Found a shadowy altar of Dithmenos.
  2801 | D:3      | Noticed Timinator's ghost (amateur OpTm)
  2958 | D:3      | Found a shimmering altar of Xom.
  3108 | D:3      | Reached XP level 5. HP: 49/49 MP: 9/12
  3287 | D:3      | Found an opulent altar of Gozag.
  3719 | D:3      | Found a bloodstained altar of Trog.
  4240 | D:4      | Noticed a phantom
  4335 | D:4      | Killed a phantom
  4335 | D:4      | Reached skill level 6 in Spellcasting
  4335 | D:4      | Reached XP level 6. HP: 60/61 MP: 0/15
  5330 | D:4      | Reached XP level 7. HP: 55/68 MP: 6/16
  5447 | D:4      | Found Dofunur's Antique Armour Shop.
  5558 | D:5      | Entered Level 5 of the Dungeon
  5592 | D:5      | Reached skill level 7 in Spellcasting
  5793 | D:5      | Slain by a gnoll

Skill      XL: |  1  2  3  4  5  6  7 |
---------------+----------------------+-----
Conjurations   | 1 2 3 |  3.5
Spellcasting   | 4 5 6 7 |  7.3
Dodging        | 2 |  2.0
Fighting       | 1 2 3 4 |  4.4
Stealth        | |  1.4
Summonings     | |  0.8
Translocations | |  0.8

Action                   |  1- 3 |  4- 6 |  7- 9 || total
-------------------------+-------+-------+-------++-------
Melee: Unarmed           |    75 |    18 |    10 ||   103
 Cast: Magic Dart        |   101 |   249 |    54 ||   404
       Conjure Flame     |       |     2 |       ||     2
       Blink             |       |     1 |       ||     1
  Use: Potion            |       |       |     1 ||     1
  Eat: Chunk             |     2 |    11 |     2 ||    15
Armor: Robe              |    35 |    24 |     4 ||    63
Dodge: Dodged            |    62 |    52 |    10 ||   124
